 Dungeon Crawl Stone Soup version 0.27.1-33-g824d729ab1 (webtiles) character file.

Game seed: 16604540264265056943

235 worthlessgem the Digger (level 6, -3/41 HPs)
             Began as a Formicid Earth Elementalist on Dec 1, 2021.
             Killed from afar by a kobold (17 damage)
             ... with an iceblast
             ... on level 4 of the Dungeon.
             The game lasted 00:21:58 (3872 turns).

worthlessgem the Digger (FoEE)                      Turns: 3872, Time: 00:21:59

Health: -3/41      AC:  2    Str: 12    XL:     6   Next: 27%
Magic:  9/9        EV: 12    Int: 17    God:
Gold:   72         SH:  0    Dex: 11    Spells: 1/9 levels left

rFire    . . .     SeeInvis +   s - +0 dagger (speed)
rCold    . . .     Faith    .   (no shield)
rNeg     . . .     Spirit   .   t - +0 robe
rPois    .         Reflect  .   (helmet unavailable)
rElec    .         Harm     .   (no cloak)
rCorr    .         Rampage  .   (no gloves)
Will     .....                  (no boots)
Stlth    ++........             (no amulet)
HPRegen  0.13/turn              (no ring)
MPRegen  0.11/turn              (no ring)

@: no status effects
A: permanent stasis, dig shafts and tunnels, antennae 3, four strong arms
a: Dig, Shaft Self


You were on level 4 of the Dungeon.
You visited 1 branch of the dungeon, and saw 4 of its levels.

You collected 72 gold pieces.

Inventory:

Hand Weapons
 a - a +0 short sword of speed
 b - a +0 hunting sling
 s - a +0 dagger of speed (weapon)
Missiles
 c - 138 stones
 k - 4 boomerangs
 m - 46 sling bullets
 o - 6 poisoned darts
 p - 4 curare-tipped darts (quivered)
Armour
 e - a +0 ring mail
 h - a +2 tower shield
 t - a +0 robe (worn)
Jewellery
 r - a ring of positive energy
Scrolls
 i - 4 scrolls of identify {unknown}
 q - a scroll of noise {unknown}
Potions
 d - a potion of lignification {unknown}
 f - 2 potions of degeneration {unknown}
 g - 2 potions of curing {unknown}
 j - a potion of flight {unknown}
 l - 2 potions of haste {unknown}
 n - a potion of might {unknown}


   Skills:
 - Level 1.7 Dodging
 - Level 2.4 Stealth
 - Level 2.1 Spellcasting
 - Level 2.2 Conjurations
 - Level 1.1 Transmutations
 * Level 2.9 Air Magic
 + Level 5.4 Earth Magic


You had one spell level left.
You knew the following spells:

 Your Spells              Type           Power      Damage    Failure   Level
a - Sandblast             Erth           40%        2d10      1%          1
b - Passwall              Tmut/Erth      10%        N/A       8%          2
c - Stone Arrow           Conj/Erth      28%        3d8       12%         3
d - Corpse Rot            Necr/Air       N/A        N/A       16%         2

Your spell library contained the following spells:

 Spells                   Type           Power      Damage    Failure   Level
 Shock                    Conj/Air       40%        1d5       7%          1
 Poisonous Vapours        Pois/Air       12%        N/A       16%         2
 Slow                     Hex            1%         N/A       28%         2
 Petrify                  Tmut/Erth      12%        N/A       45%         4
 Confusing Touch          Hex            1%         N/A       50%         3
 Airstrike                Air            5%         N/A       50%         4
 Freezing Cloud           Conj/Ice/Air   3%         6-21      95%         5
 Yara's Violent Unravell  Hex/Tmut       1%         3d3       99%         5
 Swiftness                Air            Unusable   N/A       N/A         3

Dungeon Overview and Level Annotations

Branches:
Dungeon (4/15)
 Temple: D:4-7

Altars:
Qazlal

Annotations:
D:3 exclusion: sensed monster (detected), Grinder


Innate Abilities, Weirdness & Mutations

You cannot be hasted, slowed, berserked, paralysed or teleported.
You can dig through walls and to a lower floor.
You have a pair of large antennae on your head. (SInv)
Your four strong arms can wield two-handed weapons with a shield.


Message History

You dig through the rock wall.
You dig through the rock wall.
You dig through the rock wall.
You dig through the rock wall.
You dig through the rock wall.
You dig through the rock wall.
You dig through the rock wall.
You dig through the rock wall.
You dig through the rock wall.
You dig through the rock wall.
You dig through the rock wall.
You dig through the rock wall.
You retract your mandibles.
Found a plate armour.
Magic restored.
You see here a +0 plate armour.
You sense a monster nearby.
A goblin comes into view. It is wielding a +0 dagger.
Found 4 gold pieces.
The goblin shouts!
You hear a shout!
The goblin hits you with a +0 dagger.
You hit the goblin.
The goblin is heavily wounded.
The goblin barely misses you.
You miss the goblin.
The goblin is heavily wounded.
The goblin hits you with a +0 dagger.
You hit the goblin.
You kill the goblin!
A kobold comes into view.
It is wielding a +0 short sword and carrying a wand of iceblast (11).
The kobold zaps a wand.
The mass of ice explodes!
The iceblast engulfs you!!
You hear a shout!
Things that are here:
a +0 dagger; 4 gold pieces
Casting: Passwall (safe; 8% risk of failure)
Confirm with . or Enter, or press ? or * to list all spells.
Okay, then.
The kobold zaps a wand.
The mass of ice explodes!
The iceblast engulfs you.
The kobold zaps a wand.
The mass of ice explodes!
The iceblast engulfs you!
You die...

# .#. { #.# #.# #.#
### #.#
##...##.###########
.........).@...K...
#...##.###########
# #.# #.###########
#...........#
###########.#
#.##########
#...........
############


You could see a kobold.

Vanquished Creatures
  Sigmund (D:2)
  4 adders
  A worm (D:2)
  An orc (D:3)
  5 endoplasms
  A giant cockroach (D:1)
  5 goblins
  2 hobgoblins (D:2)
  A jackal (D:2)
  11 kobolds
  3 quokkas
  2 ball pythons
  A ball python skeleton (D:3)
  2 bats
  2 frilled lizards (D:3)
  4 rats
46 creatures vanquished.

Notes
Turn   | Place    | Note
-------+----------+-------------------------------------------
     0 | D:1      | worthlessgem the Formicid Earth Elementalist began the
                  | quest for the Orb.
     0 | D:1      | Reached XP level 1. HP: 13/13 MP: 3/3
   446 | D:1      | Reached skill level 1 in Conjurations
   446 | D:1      | Reached XP level 2. HP: 11/19 MP: 5/5
   449 | D:1      | Learned a level 2 spell: Passwall
  1280 | D:2      | Reached skill level 4 in Earth Magic
  1299 | D:2      | Reached XP level 3. HP: 24/24 MP: 4/6
  1394 | D:2      | Noticed Sigmund
  1776 | D:3      | Learned a level 3 spell: Stone Arrow
  1843 | D:3      | Reached XP level 4. HP: 29/30 MP: 7/7
  2112 | D:3      | Found a stormy altar of Qazlal.
  2293 | D:3      | Noticed Grinder
  2625 | D:2      | Reached skill level 1 in Air Magic
  3553 | D:2      | Killed Sigmund
  3554 | D:2      | Reached skill level 5 in Earth Magic
  3554 | D:2      | Reached XP level 5. HP: 23/35 MP: 4/8
  3554 | D:2      | Reached XP level 6. HP: 28/41 MP: 4/9
  3675 | D:2      | Learned a level 2 spell: Corpse Rot
  3872 | D:4      | Killed from afar by a kobold

Illustrated notes

Levels and vault maps discovered:
D:1:      dpeg_arrival_orchard, layout_basic
D:2:      layout_basic, minmay_heptomino_h4, uniq_sigmund
D:3:      layout_loops_ring, grunt_qazlal_sundering, grunt_ministairs_12,
          uniq_grinder
D:4:      layout_loops_ring, chequers_temple_overflow_minitemple,
          minmay_quantized, uniq_duvessa, uniq_blork_the_orc, uniq_pikel

Skill      XL: |  1  2  3  4 |
---------------+-------------+-----
Conjurations   | 1 2 |  2.2
Earth Magic    | 4 5 |  5.4
Air Magic      | 2 |  2.9
Dodging        | |  1.7
Stealth        | |  2.4
Spellcasting   | |  2.1
Transmutations | |  1.1

Action                   |  1- 3 |  4- 6 || total
-------------------------+-------+-------++-------
Melee: Unarmed           |    34 |       ||    34
       Club              |     7 |       ||     7
       Short sword       |    63 |    53 ||   116
       Dagger            |       |     6 ||     6
Throw: Boomerang         |     4 |     6 ||    10
       Dart              |       |     7 ||     7
 Cast: Sandblast         |     6 |     8 ||    14
       Passwall          |     1 |     3 ||     4
       Stone Arrow       |       |     2 ||     2
 Abil: Dig               |       |     1 ||     1
 Stab: Sleeping          |     2 |     1 ||     3
Armor: Ring mail         |    53 |       ||    53
       Robe              |       |     2 ||     2
Dodge: Dodged            |    45 |    27 ||    72
Block: Tower shield      |     1 |       ||     1
